 Dungeon Crawl Stone Soup version 0.24-a0-445-gd5110b030a (webtiles) character file.

Game seed: 2342819435351166715

526 Krouwed the Conjurer (level 7, 0/52 HPs)
             Began as a Human Conjurer on June 22, 2019.
             Slain by Dowan
             ... wielding a cursed -2 dagger
              (5 damage)
             ... on level 4 of the Dungeon.
             The game lasted 00:19:42 (3967 turns).

Krouwed the Conjurer (Human Conjurer)               Turns: 3967, Time: 00:19:43

Health: 0/52       AC:  8    Str: 14    XL:     7   Next: 47%
Magic:  0/12       EV: 13    Int: 21    God:
Gold:   114        SH:  0    Dex: 13    Spells: 6/13 levels left

rFire    . . .     SeeInvis .   s - +4 dagger
rCold    + . .     Gourm    .   (no shield)
rNeg     + . .     Faith    .   q - +3 leather armour of Qeucsapt {rC+}
rPois    .         Spirit   .   x - +0 helmet
rElec    .         Reflect  .   (no cloak)
rCorr    .         Harm     .   y - +0 pair of gloves
MR       .....                  (no boots)
Stlth    ++........             (no amulet)
HPRegen  0.17/turn              h - +4 ring of intelligence
MPRegen  0.13/turn              m - ring of positive energy

@: mighty
A: no striking features
a: no special abilities


You were on level 4 of the Dungeon.
You were hungry.

You visited 1 branch of the dungeon, and saw 4 of its levels.

You collected 114 gold pieces.

Inventory:

Hand Weapons
 s - a +4 dagger (weapon)
Armour
 q - the +3 leather armour of Qeucsapt (worn) {rC+}
   (You found it on level 4 of the Dungeon)

   It protects you from cold.
 x - a +0 helmet (worn)
 y - a +0 pair of gloves (worn)
Jewellery
 d - an uncursed ring of flight
 h - a +4 ring of intelligence (left hand)
 m - a ring of positive energy (right hand)
 u - a cursed ring of attention {unknown}
Scrolls
 b - a scroll of remove curse {unknown}
 e - a scroll of magic mapping {unknown}
 f - a scroll of enchant armour {unknown}
 k - a scroll of noise {unknown}
 p - a scroll of fog {unknown}
 r - a scroll of fear {unknown}
 t - a scroll of blinking {unknown}
Potions
 g - a potion of flight {unknown}
 i - a potion of agility
 j - a potion of berserk rage {unknown}
 o - a potion of brilliance {unknown}
 v - 2 potions of lignification {unknown}
 w - a potion of curing
Comestibles
 a - 3 chunks of flesh
 c - 7 rations


   Skills:
 + Level 3.3 Fighting
 + Level 4.1 Dodging
 - Level 2.2 Stealth
 + Level 3.8 Spellcasting
 + Level 5.4 Conjurations


You had 6 spell levels left.
You knew the following spells:

 Your Spells              Type           Power        Failure   Level  Hunger
a - Magic Dart            Conj           ####         1%          1    None
b - Searing Ray           Conj           ####..       2%          2    #......
c - Iskenderun's Mystic   Conj           ####....     17%         4    ####...

Your spell library contained the following spells:

 Spells                   Type           Power        Failure   Level  Hunger
 Dazzling Spray           Conj/Hex       ###...       16%         3    ###....
 Force Lance              Conj/Tloc      ###.....     45%         4    ####...
 Fulminant Prism          Conj/Hex       ###.......   45%         4    ####...


Dungeon Overview and Level Annotations

Branches:
Dungeon (4/15)
 Temple: D:4-7

Altars:
Gozag
Makhleb
Nemelex Xobeh
Sif Muna
Zin
The Shining One

Annotations:
D:4 Dowan


Message History

Press: ? - help, Shift-Dir - straight line, f/p - Dowan
Aim: Dowan, wielding a -2 dagger and wearing a +0 robe (heavily wounded, fast)
The magic dart hits Dowan.
Dowan is heavily wounded.
Dowan gestures at you while chanting. The stone arrow hits you!!
* * * LOW HITPOINT WARNING * * *
Dowan hits you but does no damage.
You hit Dowan.
Dowan is severely wounded.
Dowan hits you but does no damage.
Okay, then.
You barely miss Dowan.
Dowan is severely wounded.
Dowan closely misses you. Dowan hits you with a cursed -2 dagger.
* * * LOW HITPOINT WARNING * * *
You closely miss Dowan.
Dowan is severely wounded.
Dowan hits you with a cursed -2 dagger.
You die...

#.##..#...#
#.##..###.#########
#.##...............
#.##.####.#########
#.##.# #.#
#.##.####.#
#.........#
.##########.######
.........@e.#
#############


You could see Dowan.

Vanquished Creatures
  Duvessa (D:4)
  An ogre (D:4)
  A centaur (D:3)
  3 orc wizards
  An iguana (D:3)
  A worker ant (D:4)
  2 adders
  An ooze (D:3)
  An adder skeleton (D:3)
  3 worms (D:2)
  2 dart slugs
  6 leopard geckos
  10 orcs
  A giant cockroach (D:1)
  3 goblins
  7 hobgoblins
  7 jackals (D:3)
  7 kobolds
  4 bats
  7 frilled lizards
  4 rats
73 creatures vanquished.

Notes
Turn   | Place    | Note
-------+----------+-------------------------------------------
     0 | D:1      | Krouwed the Human Conjurer began the quest for the Orb.
     0 | D:1      | Reached XP level 1. HP: 13/13 MP: 3/3
   329 | D:1      | Reached XP level 2. HP: 19/19 MP: 5/5
   402 | D:1      | Learned a level 2 spell: Searing Ray
   989 | D:2      | Reached skill level 1 in Fighting
   989 | D:2      | Reached XP level 3. HP: 26/26 MP: 1/6
  1461 | D:2      | Found a deep blue altar of Sif Muna.
  1462 | D:2      | Found a sparkling altar of Nemelex Xobeh.
  1462 | D:2      | Found a burning altar of Makhleb.
  1470 | D:2      | Found an opulent altar of Gozag.
  1482 | D:2      | Found a glowing silver altar of Zin.
  1621 | D:3      | Reached XP level 4. HP: 25/32 MP: 0/7
  1627 | D:3      | Learned a level 4 spell: Iskenderun's Mystic Blast
  2108 | D:3      | Found a glowing golden altar of the Shining One.
  2235 | D:3      | Reached XP level 5. HP: 38/38 MP: 7/9
  2486 | D:3      | Noticed a centaur
  2495 | D:3      | Killed a centaur
  2495 | D:3      | Reached XP level 6. HP: 18/45 MP: 2/10
  3455 | D:4      | Got an ichor-stained leather armour
  3484 | D:4      | Identified the +3 leather armour of Qeucsapt {rC+} (You
                  | found it on level 4 of the Dungeon)
  3505 | D:4      | Noticed an ogre
  3542 | D:4      | Killed an ogre
  3542 | D:4      | Reached skill level 5 in Conjurations
  3550 | D:4      | Reached XP level 7. HP: 17/51 MP: 2/12
  3937 | D:4      | Noticed Dowan
  3940 | D:4      | Noticed Duvessa
  3954 | D:4      | Killed Duvessa
  3967 | D:4      | Slain by Dowan

Levels and vault maps discovered:
D:1:      minmay_arrival_four_loops, layout_basic
D:2:      layout_loops_ring, minitemple, first_ration
D:3:      layout_basic, lemuel_doored_altar
D:4:      layout_basic, st_stairs_12, uniq_grinder, uniq_eustachio, uniq_duvessa

Skill      XL: |  1  2  3  4  5  6  7 |
---------------+----------------------+-----
Fighting       | 1 2 3 |  3.3
Dodging        | 3 4 |  4.1
Spellcasting   | 3 |  3.8
Conjurations   | 5 |  5.4
Stealth        | |  2.2

Action                   |  1- 3 |  4- 6 |  7- 9 || total
-------------------------+-------+-------+-------++-------
Melee: Short sword       |    12 |       |       ||    12
       Rapier            |     7 |     8 |       ||    15
       Dagger            |       |     2 |     8 ||    10
 Cast: Magic Dart        |    61 |    81 |     8 ||   150
       Searing Ray       |     1 |     5 |     4 ||    10
       Iskenderun's Myst |       |     3 |       ||     3
  Use: Scroll            |     2 |     1 |       ||     3
       Potion            |       |     3 |     1 ||     4
 Stab: Sleeping          |       |     1 |       ||     1
  Eat: Chunk             |     3 |     6 |     1 ||    10
Armor: Robe              |     5 |     4 |       ||     9
       Leather armour    |       |     5 |     7 ||    12
Dodge: Dodged            |     9 |    23 |    19 ||    51

Table legend:
 A = Non-vault XP
 B = Vault XP
 C = Vault XP percentage of total XP
 D = Non-vault monster count
 E = Vault monster count
 F = Vault count percentage of total count
                 A         B        C        D         E       F
            +---------+---------+-------+---------+---------+-------
      Total |     599 |     153 |  20.3 |      72 |       1 |   1.4
            +---------+---------+-------+---------+---------+-------
        D:1 |      17 |       0 |   0.0 |      11 |       0 |   0.0
        D:2 |      51 |       0 |   0.0 |      15 |       0 |   0.0
        D:3 |     291 |       0 |   0.0 |      41 |       0 |   0.0
        D:4 |     240 |     153 |  38.9 |       5 |       1 |  16.7
            +---------+---------+-------+---------+---------+-------
